| TOP OF THE 1ST |
|
University of Conneticut Huskies batting - Pitching for Florida State University Seminoles : LHP Lauro Calabresi
|
|
Pitching: LHP Lauro Calabresi
|
|
|
Batting: RHB Kyle Finney
|
0-0: Reached on error, E5 (Groundball, 56S, EV 81.2 MPH)
|
|
Batting: RHB Cullen Elliott
|
0-0: Ball Kyle Finney steals 2nd, throwing error, E2 Kyle Finney to third 1-0: SINGLE (Groundball, 6MD, EV 97.5 MPH) Kyle Finney scores
|
|
Batting: RHB Roku Kawano
|
0-0: Called Strike 0-1: Ball 1-1: SINGLE (Groundball, 6MD, EV 97.5 MPH) Cullen Elliott to second
|
|
Batting: LHB Greg James
|
0-0: Ball 1-0: Ball 2-0: Ball 3-0: Base on Balls Cullen Elliott to third Roku Kawano to second
|
|
Batting: RHB Phil Hilton
|
0-0: Called Strike 0-1: Ball 1-1: DOUBLE (Line Drive, 7LM, EV 108.1 MPH) Cullen Elliott scores Roku Kawano scores Greg James to third
|
|
Batting: LHB Hector Acosta
|
0-0: Ball 1-0: Ground out 4-3 (Groundball, 4, EV 97.5 MPH) Greg James scores Phil Hilton to third
|
|
Batting: LHB Jonathan Sica
|
0-0: Ball 1-0: Fly out, F8 (Flyball, 8LXD, EV 84.4 MPH) Runner from 3rd tags up, SCORES, no throw by CF
|
|
Batting: RHB Jack Vokey
|
0-0: Reached on error, E3 (Groundball, 34, EV 84.4 MPH)
|
|
Batting: LHB Omar Alba
|
0-0: Ball 1-0: Swinging Strike 1-1: Swinging Strike 1-2: Hit by Pitch
|
|
Pitching: RHP Danny Sabido
|
|
|
Batting: RHB Kyle Finney
|
0-0: Ball 1-0: Called Strike 1-1: Foul Ball, location: 2F 1-2: DOUBLE (Flyball, 8RD, EV 95.0 MPH) Jack Vokey scores Omar Alba to third Runner from 3rd tries for Home, SAFE, throw by CF to home
|
|
Batting: RHB Cullen Elliott
|
0-0: DOUBLE (Groundball, 5L, EV 108.8 MPH) Kyle Finney scores
|
|
Batting: RHB Roku Kawano
|
0-0: Ball 1-0: SINGLE (Line Drive, 34D, EV 95.6 MPH) Cullen Elliott to third Runner from 3rd tries for Home, SAFE, throw by RF to home
|
|
Batting: LHB Greg James
|
0-0: Foul Ball, location: 2F 0-1: Foul Ball, location: 2F 0-2: Ball 1-2: Strikes out swinging
|
| Top of the 1st over - 9 runs, 6 hits, 3 errors, 1 left on base; University of Conneticut 9 - Florida State University 0 |
| BOTTOM OF THE 1ST |
|
Florida State University Seminoles batting - Pitching for University of Conneticut Huskies : RHP Andy Barnitz
|
|
Pitching: RHP Andy Barnitz
|
|
|
Batting: RHB Larry Berge
|
0-0: Foul Ball, location: 2F 0-1: Swinging Strike 0-2: Ball 1-2: SINGLE (Flyball, 78S, EV 96.9 MPH)
|
|
Batting: RHB Ray Johnson
|
0-0: Ball Larry Berge is caught stealing 2nd base 2-4 1-0: Called Strike 1-1: Ball 2-1: Fly out, F8 (Flyball, 8RD, EV 101.2 MPH)
|
|
Batting: LHB Ethan Ware
|
0-0: Ball 1-0: Ball 2-0: Fly out, F8 (Flyball, 8LXD, EV 100.6 MPH)
|
| Bottom of the 1st over - 0 runs, 1 hit, 0 errors, 0 left on base; University of Conneticut 9 - Florida State University 0 |
| TOP OF THE 2ND |
|
University of Conneticut Huskies batting - Pitching for Florida State University Seminoles : RHP Danny Sabido
|
|
Batting: RHB Phil Hilton
|
0-0: Called Strike 0-1: Called Strike 0-2: Ball 1-2: Ball 2-2: Foul Ball, location: 2F 2-2: Fly out, F8 (Flyball, 8RM, EV 90.0 MPH)
|
|
Batting: LHB Hector Acosta
|
0-0: Ball 1-0: Ground out 4-3 (Groundball, 4, EV 88.1 MPH)
|
|
Batting: LHB Jonathan Sica
|
0-0: Called Strike 0-1: Ball 1-1: Ball 2-1: Ball 3-1: Foul Ball, location: 2F 3-2: Foul Ball, location: 2F 3-2: Fly out, F8 (Flyball, 8LXD, EV 90.6 MPH)
|
| Top of the 2nd over - 0 runs, 0 hits, 0 errors, 0 left on base; University of Conneticut 9 - Florida State University 0 |
| BOTTOM OF THE 2ND |
|
Florida State University Seminoles batting - Pitching for University of Conneticut Huskies : RHP Andy Barnitz
|
|
Batting: RHB Ed Vilches
|
0-0: Ball 1-0: Foul Ball, location: 2F 1-1: Foul Ball, location: 2F 1-2: Ball 2-2: Foul Ball, location: 2F 2-2: Foul Ball, location: 2F 2-2: Ball 3-2: Strikes out swinging
|
|
Batting: RHB Tony Valdez
|
0-0: Foul Ball, location: 2F 0-1: Called Strike 0-2: Ground out 4-3 (Groundball, 4, EV 104.4 MPH)
|
|
Batting: SHB Jason Farr
|
0-0: Foul Ball, location: 2F 0-1: Foul Ball, location: 2F 0-2: Ball 1-2: Ball 2-2: Foul Ball, location: 2F 2-2: Fly out, F9 (Flyball, 9, EV 88.8 MPH)
|
| Bottom of the 2nd over - 0 runs, 0 hits, 0 errors, 0 left on base; University of Conneticut 9 - Florida State University 0 |
| TOP OF THE 3RD |
|
University of Conneticut Huskies batting - Pitching for Florida State University Seminoles : RHP Danny Sabido
|
|
Batting: RHB Jack Vokey
|
0-0: Called Strike 0-1: Ball 1-1: Called Strike 1-2: Ball 2-2: Ball 3-2: Base on Balls
|
|
Batting: LHB Omar Alba
|
0-0: Called Strike 0-1: SINGLE (Groundball, 4S, EV 68.1 MPH) (infield hit) Jack Vokey to second
|
|
Batting: RHB Kyle Finney
|
0-0: Ball 1-0: Called Strike 1-1: Foul Ball, location: 2F 1-2: SINGLE (Line Drive, 7S, EV 99.4 MPH) Jack Vokey to third Omar Alba to second
|
|
Batting: RHB Cullen Elliott
|
0-0: Ball 1-0: Called Strike 1-1: Ball 2-1: Called Strike 2-2: Strikes out swinging
|
|
Batting: RHB Roku Kawano
|
0-0: Ball 1-0: Foul Ball, location: 2F 1-1: Ball 2-1: Fly out, F7 (Flyball, 7D, EV 105.0 MPH) Runner from 3rd tags up, SCORES, throw by LF Omar Alba to third
|
|
Batting: LHB Greg James
|
0-0: Foul Ball, location: 2F 0-1: Swinging Strike 0-2: Fielders Choice at 2nd, 5-4 (Groundball, 56, EV 105.0 MPH)
|
| Top of the 3rd over - 1 run, 2 hits, 0 errors, 2 left on base; University of Conneticut 10 - Florida State University 0 |
| BOTTOM OF THE 3RD |
|
Florida State University Seminoles batting - Pitching for University of Conneticut Huskies : RHP Andy Barnitz
|
|
Batting: RHB Butch Huskey
|
0-0: Swinging Strike 0-1: Ball 1-1: Foul Ball, location: 2F 1-2: Ground out U3 (Groundball, 13, EV 87.5 MPH)
|
|
Batting: RHB Terry Cisneros
|
0-0: Called Strike 0-1: Foul Ball, location: 2F 0-2: Strikes out swinging
|
|
Batting: RHB Emilio Guerra
|
0-0: Ball 1-0: SINGLE (Groundball, 56D, EV 76.2 MPH) (infield hit)
|
|
Batting: RHB Larry Berge
|
0-0: Called Strike 0-1: Foul Ball, location: 2F 0-2: Foul Ball, location: 2F 0-2: Ball 1-2: Foul Ball, location: 2F 1-2: Ball 2-2: Fly out, F6 (Popup, 6, EV 51.2 MPH)
|
| Bottom of the 3rd over - 0 runs, 1 hit, 0 errors, 1 left on base; University of Conneticut 10 - Florida State University 0 |
| TOP OF THE 4TH |
|
University of Conneticut Huskies batting - Pitching for Florida State University Seminoles : RHP Danny Sabido
|
|
Batting: RHB Phil Hilton
|
0-0: Ball 1-0: Called Strike 1-1: Ball 2-1: Ball 3-1: Fly out, F8 (Flyball, 8LD, EV 78.8 MPH)
|
|
Batting: LHB Hector Acosta
|
0-0: Ball 1-0: Ground out 6-3 (Groundball, 6M, EV 86.9 MPH)
|
|
Batting: LHB Jonathan Sica
|
0-0: Called Strike 0-1: Fly out, F7 (Flyball, 7D, EV 98.1 MPH)
|
| Top of the 4th over - 0 runs, 0 hits, 0 errors, 0 left on base; University of Conneticut 10 - Florida State University 0 |
| BOTTOM OF THE 4TH |
|
Florida State University Seminoles batting - Pitching for University of Conneticut Huskies : RHP Andy Barnitz
|
|
Batting: RHB Ray Johnson
|
0-0: Ball 1-0: Ball 2-0: SINGLE (Flyball, 9, EV 85.0 MPH)
|
|
Batting: LHB Ethan Ware
|
0-0: Fly out, F6 (Popup, 15, EV 86.2 MPH)
|
|
Batting: RHB Ed Vilches
|
0-0: Called Strike Ray Johnson steals 2nd base 0-1: Fly out, F6 (Popup, 6, EV 78.1 MPH)
|
|
Batting: RHB Tony Valdez
|
0-0: Ball 1-0: Foul Ball, location: 2F 1-1: Swinging Strike 1-2: SINGLE (Line Drive, 6D, EV 100.0 MPH) Ray Johnson to third Runner from 3rd tries for Home, SAFE, throw by CF to home
|
|
Batting: SHB Jason Farr
|
0-0: Fly out, F9 (Flyball, 9, EV 83.8 MPH)
|
| Bottom of the 4th over - 1 run, 2 hits, 0 errors, 1 left on base; University of Conneticut 10 - Florida State University 1 |
| TOP OF THE 5TH |
|
University of Conneticut Huskies batting - Pitching for Florida State University Seminoles : RHP Danny Sabido
|
|
Batting: RHB Jack Vokey
|
0-0: Ground out 5-3 (Groundball, 56, EV 88.8 MPH)
|
|
Batting: LHB Omar Alba
|
0-0: Swinging Strike 0-1: Called Strike 0-2: Foul Ball, location: 2F 0-2: Ball 1-2: Strikes out swinging
|
|
Batting: RHB Kyle Finney
|
0-0: Ball 1-0: Ball 2-0: Ball 3-0: Called Strike 3-1: Base on Balls
|
|
Batting: RHB Cullen Elliott
|
0-0: Foul Ball, location: 2F 0-1: Ground out 6-3 (Groundball, 6S, EV 61.9 MPH)
|
| Top of the 5th over - 0 runs, 0 hits, 0 errors, 1 left on base; University of Conneticut 10 - Florida State University 1 |
| BOTTOM OF THE 5TH |
|
Florida State University Seminoles batting - Pitching for University of Conneticut Huskies : RHP Andy Barnitz
|
|
Batting: RHB Butch Huskey
|
0-0: Ball 1-0: SINGLE (Flyball, 8LS, EV 98.8 MPH)
|
|
Batting: RHB Terry Cisneros
|
0-0: Called Strike 0-1: Called Strike 0-2: Ball 1-2: Ball 2-2: Fly out, F8 (Flyball, 8RXD, EV 107.5 MPH)
|
|
Batting: RHB Emilio Guerra
|
0-0: Foul Ball, location: 2F 0-1: Fielders Choice at 2nd, 6-4 (Groundball, 6, EV 97.5 MPH)
|
|
Batting: RHB Larry Berge
|
0-0: Ball 1-0: Ball 2-0: Called Strike 2-1: Foul Ball, location: 2F 2-2: Foul Ball, location: 2F 2-2: Foul Ball, location: 2F 2-2: Foul Ball, location: 2F 2-2: Fly out, F6 (Popup, 4M, EV 70.6 MPH)
|
| Bottom of the 5th over - 0 runs, 1 hit, 0 errors, 1 left on base; University of Conneticut 10 - Florida State University 1 |
| TOP OF THE 6TH |
|
University of Conneticut Huskies batting - Pitching for Florida State University Seminoles : RHP Danny Sabido
|
|
Batting: RHB Roku Kawano
|
0-0: Called Strike 0-1: Foul Ball, location: 2F 0-2: Foul Ball, location: 2F 0-2: Foul Ball, location: 2F 0-2: Hit by Pitch
|
|
Pitching: RHP Fraser Silk
|
|
|
Batting: LHB Greg James
|
0-0: Called Strike 0-1: Ball 1-1: Ball 2-1: Fly out, F7 (Flyball, 7, EV 93.1 MPH)
|
|
Batting: RHB Phil Hilton
|
0-0: Foul Ball, location: 2F 0-1: Ball 1-1: SINGLE (Groundball, 6D, EV 94.4 MPH) Roku Kawano to second
|
|
Batting: LHB Hector Acosta
|
0-0: Called Strike 0-1: Called Strike 0-2: Strikes out looking
|
|
Batting: LHB Jonathan Sica
|
Balk! Roku Kawano to third Phil Hilton to second 0-0: Called Strike 0-1: Swinging Strike 0-2: Ball 1-2: Fly out, F9 (Flyball, 89D, EV 92.5 MPH)
|
| Top of the 6th over - 0 runs, 1 hit, 0 errors, 2 left on base; University of Conneticut 10 - Florida State University 1 |
| BOTTOM OF THE 6TH |
|
Florida State University Seminoles batting - Pitching for University of Conneticut Huskies : RHP Andy Barnitz
|
|
Batting: RHB Ray Johnson
|
0-0: Called Strike 0-1: Swinging Strike 0-2: Fly out, F9 (Line Drive, 9S, EV 86.2 MPH)
|
|
Pitching: LHP Jim Weinberg
|
|
|
Batting: LHB Ethan Ware
|
0-0: Ball 1-0: Called Strike 1-1: Foul Ball, location: 2F 1-2: Ball 2-2: Ground out U3 (Groundball, 34S, EV 90.0 MPH)
|
|
Batting: RHB Ed Vilches
|
0-0: Ball 1-0: Ball 2-0: Ball 3-0: Called Strike 3-1: SOLO HOME RUN (Flyball, 9D, EV 95.6 MPH), Distance : 370 ft
|
|
Batting: RHB Tony Valdez
|
0-0: Called Strike 0-1: Ground out 5-3 (Groundball, 56, EV 86.2 MPH)
|
| Bottom of the 6th over - 1 run, 1 hit, 0 errors, 0 left on base; University of Conneticut 10 - Florida State University 2 |
| TOP OF THE 7TH |
|
University of Conneticut Huskies batting - Pitching for Florida State University Seminoles : RHP Fraser Silk
|
|
Batting: RHB Jack Vokey
|
0-0: Ground out 5-3 (Groundball, 56, EV 86.9 MPH)
|
|
Batting: LHB Omar Alba
|
0-0: Ball 1-0: Ball 2-0: Foul Ball, location: 2F 2-1: Foul Ball, location: 2F 2-2: Foul Ball, location: 2F 2-2: Ball 3-2: Strikes out swinging
|
|
Batting: RHB Kyle Finney
|
0-0: Ball 1-0: Foul Ball, location: 2F 1-1: Ball 2-1: Called Strike 2-2: Ball 3-2: SINGLE (Line Drive, 8LS, EV 101.9 MPH)
|
|
Batting: RHB Cullen Elliott
|
0-0: Ball 1-0: Swinging Strike 1-1: Swinging Strike 1-2: Strikes out swinging
|
| Top of the 7th over - 0 runs, 1 hit, 0 errors, 1 left on base; University of Conneticut 10 - Florida State University 2 |
| BOTTOM OF THE 7TH |
|
Florida State University Seminoles batting - Pitching for University of Conneticut Huskies : LHP Jim Weinberg
|
|
Batting: SHB Jason Farr
|
0-0: Ball 1-0: Ground out 6-3 (Groundball, 6, EV 91.9 MPH)
|
|
Batting: RHB Butch Huskey
|
0-0: Ball 1-0: Ball 2-0: Foul Ball, location: 2F 2-1: Ball 3-1: Base on Balls
|
|
Batting: RHB Terry Cisneros
|
0-0: Ball 1-0: SINGLE (Groundball, 5D, EV 105.6 MPH) Butch Huskey to second
|
|
Batting: RHB Emilio Guerra
|
0-0: Called Strike 0-1: Foul Ball, location: 2F 0-2: Ball 1-2: Fielders Choice at 2nd, 3-6 (Groundball, 34, EV 78.1 MPH) Butch Huskey to third
|
|
Batting: RHB Larry Berge
|
0-0: Foul Ball, location: 2F 0-1: Fly out, F8 (Flyball, 8LM, EV 82.5 MPH)
|
| Bottom of the 7th over - 0 runs, 1 hit, 0 errors, 2 left on base; University of Conneticut 10 - Florida State University 2 |
| TOP OF THE 8TH |
|
University of Conneticut Huskies batting - Pitching for Florida State University Seminoles : RHP Fraser Silk
|
|
Batting: RHB Roku Kawano
|
0-0: Called Strike 0-1: Fly out, F8 (Flyball, 8LXD, EV 108.8 MPH)
|
|
Batting: LHB Greg James
|
0-0: Foul Ball, location: 2F 0-1: Foul Ball, location: 2F 0-2: Ball 1-2: Ball 2-2: Foul Ball, location: 2F 2-2: Foul Ball, location: 2F 2-2: Strikes out swinging
|
|
Batting: RHB Phil Hilton
|
0-0: Called Strike 0-1: Ball 1-1: Ball 2-1: Foul Ball, location: 2F 2-2: Foul Ball, location: 2F 2-2: Foul Ball, location: 2F 2-2: Strikes out swinging
|
| Top of the 8th over - 0 runs, 0 hits, 0 errors, 0 left on base; University of Conneticut 10 - Florida State University 2 |
| BOTTOM OF THE 8TH |
|
Florida State University Seminoles batting - Pitching for University of Conneticut Huskies : LHP Jim Weinberg
|
|
Pinch Hitting: LHB John Doiron
|
0-0: Swinging Strike 0-1: Foul Ball, location: 2F 0-2: Strikes out swinging
|
|
Batting: LHB Ethan Ware
|
0-0: Called Strike 0-1: Ball 1-1: Ball 2-1: Ball 3-1: Base on Balls
|
|
Pinch Hitting: RHB David Lucarelli
|
0-0: Ball 1-0: Called Strike 1-1: Ball 2-1: Foul Ball, location: 2F 2-2: Ball 3-2: Fly out, F8 (Flyball, 8LD, EV 101.2 MPH)
|
|
Pitching: RHP Matt Robinson
|
|
|
Batting: RHB Tony Valdez
|
0-0: Ball 1-0: Foul Ball, location: 2F 1-1: Ball 2-1: Ball 3-1: Foul Ball, location: 2F 3-2: Strikes out swinging
|
| Bottom of the 8th over - 0 runs, 0 hits, 0 errors, 1 left on base; University of Conneticut 10 - Florida State University 2 |
| TOP OF THE 9TH |
|
University of Conneticut Huskies batting - Pitching for Florida State University Seminoles : RHP Fraser Silk
|
|
Now at 2B: David Lucarelli
|
|
|
Now in LF: John Doiron
|
|
|
Batting: LHB Hector Acosta
|
0-0: Foul Ball, location: 2F 0-1: Called Strike 0-2: Strikes out swinging
|
|
Batting: LHB Jonathan Sica
|
0-0: Called Strike 0-1: Ball 1-1: Swinging Strike 1-2: Ball 2-2: Ball 3-2: SINGLE (Groundball, 6S, EV 65.0 MPH) (infield hit)
|
|
Pitching: LHP Nick Linkletter
|
|
|
Pinch Hitting: RHB Victor Ramos
|
0-0: Fielders Choice at 2nd, 6-4 (Groundball, 6, EV 100.0 MPH)
|
|
Pinch Hitting: RHB Hector Guerra
|
0-0: Ball 1-0: Ground out U3 (Groundball, 34, EV 85.0 MPH)
|
| Top of the 9th over - 0 runs, 1 hit, 0 errors, 1 left on base; University of Conneticut 10 - Florida State University 2 |
| BOTTOM OF THE 9TH |
|
Florida State University Seminoles batting - Pitching for University of Conneticut Huskies : RHP Matt Robinson
|
|
Now at 3B: Jordan Nicholas
|
|
|
Now at SS: Cullen Elliott
|
|
|
Now in LF: Victor Ramos
|
|
|
Now in CF: Phil Hilton
|
|
|
Batting: SHB Jason Farr
|
0-0: Ball 1-0: Called Strike 1-1: DOUBLE (Line Drive, 9LM, EV 111.2 MPH)
|
|
Batting: RHB Butch Huskey
|
0-0: Called Strike 0-1: Fly out, F7 (Flyball, 78S, EV 90.6 MPH)
|
|
Pinch Hitting: RHB Jonathan Bruni
|
0-0: Ball 1-0: Swinging Strike 1-1: Swinging Strike 1-2: Fly out, F7 (Flyball, 7, EV 85.6 MPH)
|
|
Batting: RHB Emilio Guerra
|
0-0: Called Strike 0-1: Ball 1-1: Ground out 4-3 (Groundball, 4, EV 85.6 MPH)
|
| Bottom of the 9th over - 0 runs, 1 hit, 0 errors, 1 left on base; University of Conneticut 10 - Florida State University 2 |
|